Map: Dusk Towers

Players

Miszu

  • Race: Zerg Zerg
  • League: Master

BonkerZ - Winner!

  • Race: Terran Terran
  • League: Master

VOD

Have the link to the VOD?

Description

Time

  • Played on: June 27, 2016, 2:19 p.m.
  • Length: 21:47
Show
View Real Time Build Order
Export as new Build Order

Miszu Zerg 

Build Orders: Hatch First 

Get SALT Encoding   

  12  0:01  Drone  
  13  0:12  Overlord  
  13  0:20  Drone  
  14  0:30  Drone x2  
  16  0:36  Drone  
  17  0:52  Hatchery  
  17  0:56  Drone  
  17  0:59  Drone  
  17  1:02  Extractor  
  17  1:15  Spawning Pool  
  16  1:20  Drone  
  16  1:22  Drone  
  18  1:32  Drone  
  19  1:39  Overlord  
  19  2:01  Queen  
  19  2:02  Metabolic Boost  
  19  2:04  Queen  
  19  2:05  Zergling x2  
  19  2:08  Zergling x2  
  25  2:10  Zergling x2  
  25  2:14  Drone  
  27  2:17  Drone  
  27  2:21  Drone  
  29  2:26  Drone  
  30  2:33  Drone  
  30  2:36  Drone  
  32  2:44  Queen, Drone  
  34  2:53  Drone  
  34  2:56  Overlord  
  35  3:19  Drone x8  
  43  3:21  Overlord  
  43  3:33  Hatchery  
  42  3:34  Drone  
  43  3:43  Pneumatized Carapace  
  43  3:45  Drone x3  
  43  3:48  Extractor x2  
  44  3:49  Lair  
  44  3:52  Drone x2  
  44  3:55  Drone x2  
  48  4:01  Drone x3  
  51  4:18  Overlord x3  
  51  4:19  Roach Warren  
  50  4:34  Drone x2  
  50  4:35  Evolution Chamber x2  
  50  4:59  Roach x13  
  76  5:03  Roach  
  76  5:04  Roach  
  76  5:06  Glial Reconstitution  
  80  5:19  Roach  
  80  5:20  Overlord x3  
  82  5:29  Overseer  
  82  5:34  Drone x2  
  82  5:38  Drone x6  
  86  5:46  Zerg Missile Weapons Level 1, Zerg Ground Armor Level 1  
  86  5:50  Drone x6  
  86  5:56  Infestation Pit  
  87  6:26  Roach  
  87  6:27  Roach x5  
  87  6:29  Roach x3  
  87  6:31  Overlord  
  87  6:32  Overlord x6, Extractor  
  104  6:33  Extractor  
  104  6:37  Extractor  
  102  6:40  Pathogen Glands  
  102  6:53  Spore Crawler  
  101  6:54  Spore Crawler  
  101  6:57  Ravager, Spore Crawler  
  101  6:58  Ravager  
  101  6:59  Drone x3  
  101  7:00  Drone x9  
  113  7:07  Drone x4  
  113  7:08  Drone  
  116  7:24  Infestor x3  
  122  7:33  Overlord x4  
  122  7:40  Spore Crawler  
  122  7:42  Spore Crawler  
  120  7:46  Hatchery  
  120  7:47  Extractor  
  120  7:50  Extractor  
  117  7:52  Zerg Ground Armor Level 2, Zerg Missile Weapons Level 2  
  117  7:53  Spore Crawler  
  117  7:56  Roach x4  
  124  8:03  Ravager  
  124  8:04  Ravager  
  127  8:05  Drone x3  
  127  8:06  Drone x3  
  132  8:13  Drone x2  
  132  8:17  Roach x5  
  132  8:18  Roach  
  146  8:23  Hive  
  146  8:31  Spore Crawler  
  146  8:33  Infestor  
  147  8:44  Infestor  
  147  8:48  Spore Crawler  
  148  8:49  Roach  
  148  8:51  Ravager x2  
  148  8:52  Roach  
  148  8:53  Roach  
  156  8:59  Drone  
  156  9:00  Spore Crawler, Drone x2  
  156  9:02  Spore Crawler  
  157  9:07  Drone  
  155  9:11  Drone  
  155  9:13  Drone x2  
  158  9:25  Queen  
  160  9:38  Overlord x2  
  160  9:39  Roach  
  160  9:40  Roach x14  
  160  9:44  Hatchery  
  189  9:46  Ultralisk Cavern  
  189  9:48  Ravager x3  
  189  9:49  Ravager x2  
  189  9:50  Ravager  
  189  9:51  Ravager  
  195  9:53  Ravager  
  196  10:00  Overseer x2  
  196  10:06  Spore Crawler  
  195  10:09  Spine Crawler  
  195  10:10  Spine Crawler  
  195  10:11  Spine Crawler  
  195  10:12  Spore Crawler  
  195  10:13  Spore Crawler  
  188  10:23  Ravager x4  
  188  10:27  Zerg Ground Armor Level 3  
  168  10:49  Roach x2  
  170  10:50  Ultralisk x2  
  170  10:54  Roach  
  170  10:55  Roach x5  
  192  10:57  Roach  
  194  11:10  Ultralisk  
  133  11:31  Roach x12  
  138  11:48  Roach  
  138  11:49  Ultralisk  
  146  12:01  Adrenal Glands  
  138  12:03  Chitinous Plating  
  138  12:04  Zerg Melee Weapons Level 1  
  138  12:07  Queen  
  140  12:10  Ultralisk  
  146  12:16  Ravager x2  
  146  12:17  Ravager x3, Drone  
  152  12:25  Queen  
  154  12:40  Ultralisk  
  154  12:41  Ultralisk  
  154  12:43  Queen  
  168  12:48  Overseer  
  168  12:50  Infestor  
  168  12:51  Infestor  
  170  13:05  Zergling x14  
  175  13:19  Queen  
  177  13:24  Zergling x14  
  177  13:25  Zergling x16  
  185  13:41  Zergling x4  
  185  13:42  Zergling x16  
  191  14:00  Ultralisk  
  161  14:24  Ultralisk x4  
  183  14:30  Infestor  
  183  14:31  Infestor  
  187  14:36  Zergling x14  
  192  14:41  Zerg Melee Weapons Level 2  
  192  14:49  Nydus Network  
  192  14:52  Infestor x2  
  195  14:53  Infestor  
  195  15:16  Overlord  
  195  15:17  Overlord  
  195  15:20  Ravager x4  
  197  15:28  Spire  
  192  15:35  Extractor  
  191  15:36  Extractor  
  191  15:41  Nydus Canal  
  174  16:04  Ravager x4  
  172  16:29  Ultralisk x2  
  172  16:30  Ultralisk x3  
  197  16:40  Zergling x6  
  194  16:53  Ultralisk  
  198  16:55  Zergling x4  
  197  17:19  Corruptor  
  193  17:33  Hydralisk Den  
  192  17:40  Hatchery  
  192  17:42  Zergling x18  
  187  18:37  Nydus Canal  
  187  18:39  Ultralisk x2  
  199  18:45  Baneling Nest  
  198  18:49  Zergling x4  
  112  19:24  Ultralisk x4  
  112  19:25  Ultralisk x4  
  112  19:26  Zergling x6  
  112  19:27  Zergling x4  
  156  19:32  Spore Crawler  
  154  19:46  Drone x6  
  160  19:54  Drone x3  
  160  19:59  Drone x3  
  160  20:11  Corruptor  
  156  20:14  Corruptor  
  154  20:28  Zergling x16  
  154  20:31  Zergling x2  
  154  20:32  Zergling x2  
  162  20:50  Zergling x16  
  162  20:54  Baneling x2  
  162  20:55  Baneling  
  162  20:56  Baneling x2  
  166  21:00  Zergling x10  
  158  21:26  Zergling x30  
Show
View Real Time Build Order
Export as new Build Order

BonkerZ Terran - Winner!

Build Orders: Reaper Expand, MMM Bio 

Get SALT Encoding   

  12  0:00  SCV  
  13  0:13  SCV  
  14  0:18  Supply Depot  
  14  0:26  SCV  
  15  0:40  SCV  
  15  0:41  Barracks  
  16  0:45  Refinery  
  16  0:52  SCV  
  17  1:04  SCV  
  18  1:16  SCV  
  19  1:28  Orbital Command  
  19  1:30  Reaper  
  20  1:45  Command Center  
  20  1:55  SCV  
  20  1:56  Supply Depot  
  21  2:07  Barracks Reactor  
  21  2:08  SCV  
  22  2:13  Barracks  
  22  2:20  SCV  
  23  2:29  Factory  
  23  2:32  SCV  
  23  2:36  Refinery  
  24  2:44  SCV  
  24  2:46  Marine x2  
  27  2:56  SCV  
  27  2:58  Orbital Command  
  28  3:01  Barracks Tech Lab  
  28  3:06  Marine x2  
  28  3:09  SCV  
  31  3:16  Factory Reactor  
  31  3:19  Marine  
  32  3:20  Stimpack  
  32  3:21  SCV  
  32  3:23  SCV  
  34  3:32  Marine x2  
  34  3:33  SCV  
  37  3:34  Starport  
  37  3:38  SCV  
  38  3:41  Marine  
  38  3:45  SCV  
  40  3:50  SCV  
  40  3:52  Marine x2  
  43  3:57  SCV  
  43  3:59  Supply Depot  
  44  4:04  Marine  
  44  4:05  SCV  
  46  4:10  SCV  
  46  4:12  Widow Mine  
  46  4:13  Marine x2  
  50  4:17  SCV  
  50  4:18  Medivac  
  50  4:20  Medivac  
  50  4:22  SCV  
  56  4:27  Marine  
  56  4:29  SCV  
  58  4:31  Supply Depot  
  58  4:34  SCV  
  58  4:36  Marine x2  
  61  4:44  Command Center  
  61  4:47  SCV  
  61  4:52  Marine, Widow Mine  
  62  4:53  Marine  
  62  4:54  Medivac  
  62  4:55  SCV  
  62  4:57  Marine  
  70  5:00  Supply Depot  
  70  5:02  Refinery  
  70  5:08  Engineering Bay  
  70  5:09  Engineering Bay  
  70  5:20  Supply Depot  
  70  5:21  Marine x3  
  70  5:22  SCV x2  
  70  5:27  Combat Shields  
  75  5:34  SCV x2  
  75  5:37  Medivac  
  75  5:39  Marine  
  75  5:42  Terran Infantry Weapons Level 1  
  78  5:46  SCV x2  
  78  5:48  Refinery  
  78  5:49  Barracks, Factory Tech Lab  
  80  5:51  Barracks  
  80  5:54  Marine x2  
  82  5:58  SCV x2  
  83  6:08  Marine  
  83  6:10  SCV x2  
  86  6:13  Marauder  
  83  6:22  SCV  
  83  6:25  Marine  
  82  6:26  Barracks, Siege Tank  
  82  6:27  SCV  
  82  6:30  Marine  
  82  6:31  Terran Infantry Armor Level 1  
  87  6:35  Marine  
  87  6:36  SCV  
  87  6:39  SCV  
  90  6:40  Orbital Command  
  90  6:43  Marine  
  90  6:47  Barracks Reactor, Barracks Tech Lab, Armory  
  91  6:48  SCV  
  91  6:50  Barracks  
  91  6:51  SCV  
  93  6:55  Marine  
  93  6:56  Marine  
  93  6:57  Medivac  
  93  6:58  Medivac  
  99  7:04  Marine  
  99  7:05  Marine  
  101  7:13  Supply Depot  
  101  7:17  SCV x2  
  101  7:21  Barracks Tech Lab  
  101  7:23  Supply Depot, Concussive Shells  
  101  7:30  Supply Depot x2  
  101  7:34  Marine, SCV x3  
  101  7:36  Marauder x2  
  109  7:44  Marine x3  
  109  7:46  SCV  
  109  7:49  SCV x2, Terran Infantry Weapons Level 2  
  115  7:51  Supply Depot, Marine, Terran Vehicle Weapons Level 1  
  115  7:52  Marine  
  115  7:54  Siege Tank  
  115  7:55  Barracks Reactor  
  120  7:59  SCV  
  120  8:04  SCV  
  122  8:07  Marine x2  
  122  8:08  Marauder x2, SCV  
  122  8:09  Marine  
  122  8:10  Marauder  
  132  8:19  Marine  
  133  8:20  Medivac x2  
  133  8:22  SCV  
  133  8:24  Refinery  
  138  8:28  Marine x3  
  138  8:29  Supply Depot, Terran Infantry Armor Level 2  
  138  8:30  Supply Depot x2  
  138  8:32  Supply Depot  
  141  8:44  Supply Depot  
  141  8:50  Marine  
  141  8:51  Marauder x2, Marine x4, Siege Tank  
  141  8:52  Marauder  
  155  9:11  Marine x4  
  155  9:12  Marauder x2  
  155  9:13  Marauder, SCV  
  159  9:21  Marine x2  
  159  9:22  Medivac x2  
  162  9:29  Marine x2  
  162  9:30  Siege Tank  
  167  9:33  Marine x2  
  167  9:34  Marauder x3  
  175  9:40  Supply Depot  
  175  9:42  Command Center  
  175  9:44  Marine x2  
  177  9:47  Marine x2, Terran Vehicle Weapons Level 2  
  177  9:50  Supply Depot  
  177  9:51  Marine  
  180  9:54  Refinery  
  180  9:56  Supply Depot x2  
  180  10:01  Marauder x2  
  180  10:03  Marine x3, Marauder, Liberator  
  180  10:04  Liberator  
  180  10:05  Marine  
  181  10:13  Starport  
  181  10:20  Marine x3  
  190  10:22  Marauder x2  
  179  10:44  Marine x3, Marauder  
  179  10:45  Marine  
  179  10:46  Liberator  
  179  10:47  Liberator  
  177  10:52  Marine x2  
  177  10:55  Marine x2  
  181  10:58  Planetary Fortress  
  181  11:01  Marine  
  181  11:02  Fusion Core  
  188  11:11  Starport Tech Lab  
  136  11:26  Marine x4  
  136  11:27  Marine x2, Marauder x2  
  136  11:30  Marine  
  143  11:38  Siege Tank  
  141  11:44  Marine  
  141  11:45  Liberator x2  
  141  11:46  Marine x5, Medivac  
  144  11:48  Marauder x2  
  146  11:57  Marine  
  146  11:59  Liberator  
  141  12:01  Marine  
  141  12:04  Marine  
  149  12:17  Refinery  
  149  12:20  Command Center  
  149  12:21  Refinery  
  152  12:28  Liberator  
  152  12:30  Terran Infantry Weapons Level 3  
  152  12:33  Supply Depot, Marauder x3  
  157  12:38  Command Center x2  
  157  12:48  Liberator x2  
  160  12:52  Marine  
  160  12:54  Marauder x3  
  160  12:58  Marine  
  165  13:03  Siege Tank  
  166  13:10  Liberator  
  171  13:13  Marine x4  
  171  13:14  Marine  
  171  13:15  Marine, Marauder  
  171  13:16  Marauder  
  173  13:31  Liberator x2  
  173  13:32  Marine x2  
  173  13:34  Marauder  
  179  13:37  Marauder x2  
  165  14:03  Liberator  
  162  14:14  Liberator x2  
  148  14:19  Marine x3  
  148  14:20  Marine x2, Marauder x2  
  159  14:29  Marine x2  
  159  14:30  Thor  
  161  14:33  Terran Vehicle Weapons Level 3  
  161  14:34  Planetary Fortress  
  161  14:35  Orbital Command  
  161  14:37  Marine  
  163  14:44  Orbital Command  
  162  14:46  Liberator  
  162  14:57  Liberator  
  162  14:59  Ghost Academy  
  165  15:15  Marine x2  
  170  15:27  Marine x4  
  170  15:28  Marauder x2  
  178  15:30  Ghost  
  180  15:35  Marine  
  180  15:41  Ghost Academy  
  180  15:42  Refinery  
  180  15:43  Refinery  
  180  15:44  Marine, Command Center  
  180  15:45  Marine x3  
  180  15:47  Command Center  
  180  15:49  Marauder  
  187  15:50  Marauder  
  184  16:00  Marine  
  184  16:01  Marauder  
  187  16:08  Terran Infantry Armor Level 3  
  187  16:31  Ghost x3  
  186  16:37  Liberator x2  
  168  16:57  Orbital Command  
  168  16:59  Ghost x3  
  180  17:05  Marine x2, Command Center  
  182  17:15  Liberator  
  182  17:20  Liberator  
  181  17:28  Ghost x3  
  184  17:36  Barracks  
  187  17:38  Liberator  
  187  17:40  Barracks  
  187  17:41  Sensor Tower  
  190  17:56  Ghost x3  
  199  17:59  Terran Ship Weapons Level 1  
  199  18:19  Personal Cloaking  
  199  18:30  Refinery  
  197  18:34  Refinery  
  197  18:37  Marine, Marauder  
  200  18:55  Marine  
  200  18:58  Barracks Tech Lab  
  183  19:12  Liberator x2  
  183  19:13  Liberator  
  183  19:16  Reaper  
  161  19:20  Marine x4, Marauder x2  
  148  19:25  Marine  
  148  19:30  Ghost x2  
  162  19:41  Ghost x2  
  162  19:45  Planetary Fortress  
  165  19:47  Starport  
  165  19:48  Orbital Command  
  165  19:50  Starport  
  165  19:52  Command Center  
  162  19:55  Liberator  
  162  19:58  Ghost x2  
  166  20:09  Ghost x2  
  166  20:13  Marine x5  
  166  20:14  Marine x2  
  179  20:20  Liberator x2  
  177  20:27  Ghost x2  
  181  20:35  Barracks Tech Lab  
  181  20:38  Liberator, Ghost x2  
  188  20:56  Marauder x2  
  195  21:17  Marine x3, Marauder  
  195  21:18  Marauder  
Tags
 
Add a new tag
Caveats
  • Supply blocks, unpowered buildings, or Contaminate may cause inaccurate times.
  • Supply counts are checked every 10 seconds.